 Dungeon Crawl Stone Soup version 0.30-b1-2-g02819fbbbe (webtiles) character file.

Game seed: 10714906483785538603

632 zspwn the Trooper (level 7, -7/44 HPs)
             Began as a Gargoyle Berserker on Aug 1, 2023.
             Was a Priest of Trog.
             Killed by divine providence
             ... invoked by an orc priest
              (12 damage)
             ... on level 5 of the Dungeon.
             The game lasted 00:39:57 (3921 turns).

zspwn the Trooper (Gargoyle Berserker)              Turns: 3921, Time: 00:39:57

Health: -7/44      AC: 16    Str: 25    XL:     7   Next: 49%
Magic:  0/7        EV: 16    Int:  8    God:    Trog [***...]
Gold:   108        SH:  0    Dex:  9    Spells: 6/6 levels left

rFire   . . .        l - +0 whip (venom)
rCold   + . .        (no shield)
rNeg    + . .        I - +2 ring mail {rPois}
rPois   ∞            s - +0 helmet
rElec   +            g - scarf {shadows}
rCorr   .            L - +0 pair of gloves
SInv    .            w - +0 pair of boots
Will    .....        m - amulet of guardian spirit
Stlth   +            u - +5 ring of evasion
HPRegen 0.27/turn    M - ring of Atesih {rC+ Str+3}
MPRegen 0.10/turn

%: guardian spirit
@: no status effects
A: sickness immunity, AC +4, negative energy resistance 1, electricity
resistance, torment resistance 1, petrification resistance
a: Renounce Religion, Berserk, Trog's Hand


You were on level 5 of the Dungeon.
You worshipped Trog.
Trog was most pleased with you.
You visited 1 branch of the dungeon, and saw 6 of its levels.

You collected 108 gold pieces.

Inventory:

Hand Weapons
 a - a +0 hand axe
 c - a +1 dagger of pain
 d - a +0 dagger
 i - a +0 dagger
 l - a +0 whip of venom (weapon)
 o - a +0 club
 B - a +0 flail
 C - a +0 halberd
Missiles
 y - 6 boomerangs (quivered)
Armour
 b - a +0 animal skin
 g - a scarf of shadows (worn)
 h - a +0 robe
 n - a +0 leather armour
 s - a +0 helmet (worn)
 w - a +0 pair of boots (worn)
 x - a +3 leather armour
 z - a +0 scale mail
 A - a +0 ring mail
 I - a +2 ring mail of poison resistance (worn)
 L - a +0 pair of gloves (worn)
Magical Staves
 k - a staff of fire
 r - a staff of fire
Jewellery
 m - an amulet of guardian spirit (around neck)
 u - a +5 ring of evasion (left hand)
 D - a ring of protection from fire
 F - a ring of protection from fire
 M - the ring of Atesih (right hand) {rC+ Str+3}
   (You found it on level 5 of the Dungeon)

   [ring of protection from cold]

   Str:       It affects your strength (+3).
   rC:        It protects you from cold.
Wands
 H - a wand of quicksilver (2)
Scrolls
 e - 2 scrolls of amnesia {unknown}
 j - 4 scrolls of identify {unknown}
 q - 2 scrolls of poison {unknown}
 t - 2 scrolls of fog {unknown}
 v - 2 scrolls of enchant armour {unknown}
 K - a scroll of fear {unknown}
Potions
 f - a potion of flight {unknown}
 p - a potion of invisibility {unknown}
 E - a potion of lignification {unknown}
 G - a potion of curing
 J - a potion of resistance {unknown}


   Skills:
 + Level 5.1 Fighting
 + Level 5.0(5.2) Axes
 + Level 2.5(4.3) Maces & Flails
 + Level 4.1 Armour
 + Level 2.8 Dodging
 + Level 0.5 Stealth


You had 6 spell levels left.
You didn't know any spells.
Your spell library was empty.

Dungeon Overview and Level Annotations

Branches:
Dungeon (6/15)             Temple (0/1) D:5

Altars:
Hepliaklqana

Shops:
D:4 [   D:6 *

Annotations:
D:6 Blork the orc


Innate Abilities, Weirdness & Mutations

You are immune to sickness and miasma.
Your stone body is resilient. (AC +4)
You are immune to poison.
You resist negative energy. (rN+)
You are resistant to electric shocks. (rElec)
You are resistant to unholy torment.
You are immune to petrification.


Message History

The orc priest shouts!
You hear a shout!
The orc hits you but does no damage.
The orc priest calls down the wrath of Beogh upon you.
Beogh smites you!
There is a stone staircase leading down here.
The orc hits you but does no damage.
You climb downwards.
Blork the orc shouts!
The black bear growls angrily.
Found 9 gold pieces and 5 large rocks.
Found Fumefre's General Store.
There is a stone staircase leading up here.
The orc completely misses you. Blork the orc barely misses you.
You climb upwards.
There is a stone staircase leading down here.
The orc misses you. The orc attacks as you move away!
The orc hits you but does no damage. The orc barely misses you.
The orc attacks as you move away! The orc barely misses you.
The orc priest mumbles some strange prayers to Beogh against you.
Beogh smites you! The orc attacks as you move away! The orc closely misses you.
The orc priest mumbles some strange prayers to Beogh against you.
Beogh smites you! The orc misses you. The orc attacks as you move away!
The orc closely misses you.
The orc priest invokes the aid of Beogh against you.
Pain shoots through your body!
* * * LOW HITPOINT WARNING * * *
The orc barely misses you. The orc attacks as you move away!
The orc hits you but does no damage. The orc misses you.
The orc attacks as you move away! The orc hits you but does no damage.
The orc priest mumbles some strange prayers to Beogh against you.
Beogh smites you!
* * * LOW HITPOINT WARNING * * *
You completely miss the orc. The orc closely misses you.
You closely miss the orc.
An orc priest comes into view. It is wielding a +0 dagger.
The orc priest invokes the aid of Beogh against you.
Beogh smites you!
You die...

#.#....# ..## .##
#.#.##.######..# ....
....>..##.##..###.... ..
####......o.........##..
##..o.........#.....
##..###....###...# #..##
#....# #.⌠.# .. #...
#...o###...###.. #....
##...o@.......#
#.#......#.o⌠..>..⌠.#
##.....#..........#
.........###[[.####
#.....#..# #.⌠.# # .
.........###...####..##!
........##..............
....##.....#........
#.......##.#...#


You could see 2 orc priests and 2 orcs.

Vanquished Creatures
  Sigmund (D:4)
  Menkaure (D:5)
  A jelly (D:4)
  A sleepcap (D:3)
  Terence (D:3)
  2 orc wizards
  Robin (D:2)
  5 gnolls
  8 adders
  A worm (D:5)
  A dart slug (D:3)
  8 orcs
  10 ball pythons
  5 bats
  4 endoplasms
  14 goblins
  6 hobgoblins
  6 quokkas
  4 frilled lizards
  4 kobolds
  8 rats
92 creatures vanquished.

Vanquished Creatures (others)
  6 plants
  4 toadstools (D:1)
10 creatures vanquished.

Grand Total: 102 creatures vanquished

Notes
Turn   | Place    | Note
-------+----------+-------------------------------------------
     0 | D:1      | zspwn the Gargoyle Berserker began the quest for the Orb.
     0 | D:1      | Reached XP level 1. HP: 14/14 MP: 1/1
    20 | D:1      | Found a faded altar of an unknown god.
   124 | D:1      | Reached XP level 2. HP: 19/19 MP: 2/2
   328 | D:1      | Reached XP level 3. HP: 24/24 MP: 3/3
   460 | D:1      | Reached ** piety under Trog
   948 | D:2      | Reached XP level 4. HP: 29/29 MP: 4/4
  1363 | D:2      | Noticed Robin
  1381 | D:2      | Killed Robin
  2083 | D:3      | Reached XP level 5. HP: 33/33 MP: 5/5
  2434 | D:3      | Found a hazy altar of Hepliaklqana.
  2469 | D:3      | Reached *** piety under Trog
  2471 | D:3      | Noticed Terence
  2495 | D:3      | Killed Terence
  2775 | D:4      | Reached XP level 6. HP: 36/39 MP: 4/6
  3386 | D:4      | Noticed Sigmund
  3399 | D:4      | Killed Sigmund
  3400 | D:4      | Reached skill level 1 in Maces & Flails
  3400 | D:4      | Reached XP level 7. HP: 35/44 MP: 5/7
  3484 | D:4      | Found Badayx's Antique Armour Shoppe.
  3504 | D:5      | Entered Level 5 of the Dungeon
  3681 | D:5      | Found a staircase to the Ecumenical Temple.
  3688 | D:5      | Identified the ring of Atesih {rC+ Str+3}
  3720 | D:5      | Noticed Menkaure
  3741 | D:5      | Killed Menkaure
  3742 | D:5      | Reached skill level 5 in Fighting
  3742 | D:5      | Reached skill level 5 in Axes
  3899 | D:6      | Noticed Blork the orc
  3899 | D:6      | Found Fumefre's General Store.
  3921 | D:5      | Killed from afar by an orc priest

Illustrated notes

Levels and vault maps discovered:
D:1:      ldierk_walled_garden_2, layout_basic,
          shapermc_ecumenical_altar_rom_forum
D:2:      layout_basic, mrwooster_statue_mirror, st_stairs_6,
          guppyfry_early_lair_pool, uniq_robin
D:3:      layout_loops_corners, nicolae_overflow_crystal_walls, uniq_terence
D:4:      layout_loops_ring, serial_shops, shop, uniq_sigmund
D:5:      layout_cave_pools, minmay_temple_entry_junction,
          ebering_ghost_sewer_d, serial_shops, nicolae_shop_advertising_works
          [nicolae_subvault_shop_adworks], uniq_menkaure, uniq_ijyb,
          uniq_grinder
D:6:      cheibrodos_barr_body, layout_basic, serial_shops, nicolae_shop_stone,
          uniq_eustachio, uniq_crazy_yiuf_cottage, uniq_blork_the_orc,
          uniq_pikel

Skill      XL: |  1  2  3  4  5  6  7 |
---------------+----------------------+-----
Axes           | 3 4 5 |  5.0
Dodging        | 2 |  2.8
Fighting       | 4 5 |  5.1
Armour         | 3 4 |  4.1
Maces & Flails | 1 2 |  2.5
Stealth        | |  0.5

Action                     |  1- 3 |  4- 6 |  7- 9 || total
---------------------------+-------+-------+-------++-------
  Melee: Hand axe          |   108 |   147 |       ||   255
         Flail             |       |    46 |       ||    46
         Punch             |       |     2 |     2 ||     4
         Whip              |       |    39 |    42 ||    81
 Invoke: Berserk           |     1 |       |       ||     1
    Use: Potion            |       |     1 |       ||     1
 Armour: Animal skin       |    38 |    16 |       ||    54
         Leather armour    |       |    22 |       ||    22
         Scale mail        |       |    37 |     1 ||    38
         Ring mail         |       |       |    18 ||    18
  Dodge: Dodged            |    66 |   214 |    52 ||   332
